[ AOE2 MATCH · #468201650 ]
UnrankedMagyars vs Hindustanis
Player's team · LOSS
[ REPLAY ANALYSIS · EXTRACTED FROM THE RECORDED GAME ]
Feudal
9:46
Castle
22:08
Imperial
41:34
| APM avg | 35.8 |
| APM peak | 71 |
| eAPM avg | 17.0 |
| Villagers / military | 199 / 435 |
Focus
⚔️ 46.1% · 🌾 53.9%
Cavalry Archer ×205 · Scout Cavalry ×201 · Trebuchet (Packed) ×16 · Battering Ram ×7 · Monk ×6 · Trade Cart ×3
Feudal
8:59
Castle
23:39
Imperial
40:52
| APM avg | 27.7 |
| APM peak | 67 |
| eAPM avg | 13.4 |
| Villagers / military | 174 / 512 |
Focus
⚔️ 31.7% · 🌾 68.3%
Camel Scout ×217 · Scout Cavalry ×186 · Skirmisher ×90 · Armored Elephant ×9 · Trebuchet (Packed) ×7 · Monk ×2
Feudal
12:02
Castle
27:42
Imperial
47:17
| APM avg | 20.7 |
| APM peak | 42 |
| eAPM avg | 12.2 |
| Villagers / military | 70 / 288 |
Focus
⚔️ 49.0% · 🌾 51.0%
Scout Cavalry ×99 · Konnik ×83 · Knight ×47 · Militia ×44 · Cavalry Archer ×11 · Trade Cart ×10
Feudal
9:31
Castle
21:16
Imperial
42:19
| APM avg | 30.0 |
| APM peak | 75 |
| eAPM avg | 15.1 |
| Villagers / military | 133 / 733 |
Focus
⚔️ 54.6% · 🌾 45.4%
Spearman ×393 · Archer ×248 · Skirmisher ×85 · Trade Cart ×36 · Unknown (1962) ×27 · Unknown (1942) ×15
Feudal
9:35
Castle
19:25
Imperial
39:33
| APM avg | 48.8 |
| APM peak | 96 |
| eAPM avg | 19.7 |
| Villagers / military | 256 / 704 |
Focus
⚔️ 37.9% · 🌾 62.1%
Archer ×348 · Spearman ×320 · Mangonel ×16 · Trebuchet (Packed) ×15 · Trade Cart ×10 · Monk ×4
Feudal
—
Castle
—
Imperial
—
| APM avg | 37.7 |
| APM peak | 109 |
| eAPM avg | 16.3 |
| Villagers / military | 175 / 446 |
Focus
⚔️ 33.7% · 🌾 66.3%
Spearman ×211 · Fire Lancer ×137 · Skirmisher ×45 · Iron Pagoda ×38 · Trebuchet (Packed) ×7 · Bombard Cannon ×5
Feudal
11:19
Castle
19:51
Imperial
47:55
| APM avg | 23.3 |
| APM peak | 44 |
| eAPM avg | 17.0 |
| Villagers / military | 211 / 763 |
Focus
⚔️ 31.8% · 🌾 68.2%
Scout Cavalry ×487 · Camel Scout ×221 · Steppe Lancer ×37 · Battering Ram ×8 · Keshik ×6 · Knight ×2
Feudal
10:43
Castle
15:03
Imperial
35:02
| APM avg | 26.0 |
| APM peak | 71 |
| eAPM avg | 15.5 |
| Villagers / military | 178 / 443 |
Focus
⚔️ 24.4% · 🌾 75.6%
Scout Cavalry ×297 · Knight ×140 · Mangonel ×5 · Trebuchet (Packed) ×1
Match map
Initial resources + every placement click. Lines = walls · curves = elevation contours. ◆ gold · ⬟ stone · ● berries · ✦ relic · ◌ wall gap
Your base· Open — 4t gap
Rabe3000's base· Open — 6t gap
Colaf the Mighty's base· Open — 4t gap
heggiesaan's base· Open — 7t gap
HorkTheLegend's base· Open — unwalled flank
KingTeOTep's base· Open — 8t gap
Jdalla The Bloodless's base· Open — 7t gap
KINHO's base· Open — unwalled flank
Smoothed initial terrain · ◌ = detected wall gap · hover for details
Inputs per minute
— SheepofLegend - - Rabe3000
Build order — SheepofLegend
First 150 of 697 actions detected
| 0:02 | Create | Villager (Male) |
| 0:02 | Create | Villager (Male) |
| 0:04 | Build | House |
| 0:07 | Build | House |
| 0:10 | Create | Villager (Male) |
| 0:10 | Create | Villager (Male) |
| 1:40 | Create | Villager (Male) |
| 1:40 | Create | Villager (Male) |
| 1:57 | Create | Villager (Male) |
| 1:58 | Create | Villager (Male) |
| 2:17 | Create | Villager (Male) |
| 2:17 | Create | Villager (Male) |
| 2:32 | Create | Villager (Male) |
| 2:41 | Build | Lumber Camp |
| 3:11 | Build | House |
| 3:26 | Create | Villager (Male) |
| 3:27 | Create | Villager (Male) |
| 3:27 | Create | Villager (Male) |
| 3:41 | Create | Villager (Male) |
| 4:20 | Create | Villager (Male) |
| 4:20 | Create | Villager (Male) |
| 4:38 | Create | Villager (Male) |
| 4:51 | Build | House |
| 5:35 | Build | Mill |
| 5:45 | Create | Villager (Male) |
| 6:06 | Create | Villager (Male) |
| 6:11 | Create | Villager (Male) |
| 6:59 | Research | Loom |
| 7:00 | Research | Feudal Age |
| 8:08 | Build | Barracks |
| 9:07 | Create | Villager (Male) |
| 9:46 | Age | Feudal Age |
| 9:51 | Build | Stable |
| 10:00 | Create | Villager (Male) |
| 10:06 | Build | Farm |
| 10:13 | Build | House |
| 10:14 | Build | Palisade Wall |
| 10:18 | Research | Double-Bit Axe |
| 10:22 | Build | Farm |
| 10:31 | Create | Villager (Male) |
| 10:37 | Create | Scout Cavalry |
| 10:37 | Create | Scout Cavalry |
| 10:56 | Create | Scout Cavalry |
| 11:09 | Build | Farm |
| 11:11 | Create | Villager (Male) |
| 11:12 | Create | Villager (Male) |
| 11:17 | Build | Farm |
| 11:32 | Create | Villager (Male) |
| 11:33 | Create | Scout Cavalry |
| 11:45 | Create | Villager (Male) |
| 11:58 | Create | Villager (Male) |
| 12:01 | Build | House |
| 12:02 | Build | House |
| 12:18 | Create | Villager (Male) |
| 12:31 | Create | Villager (Male) |
| 12:39 | Create | Villager (Male) |
| 12:51 | Create | Scout Cavalry |
| 12:56 | Create | Villager (Male) |
| 13:07 | Build | Farm |
| 13:08 | Create | Villager (Male) |
| 13:20 | Create | Scout Cavalry |
| 13:22 | Build | Farm |
| 13:22 | Build | Farm |
| 13:22 | Build | Farm |
| 13:27 | Build | Lumber Camp |
| 13:33 | Build | Palisade Wall |
| 14:03 | Build | House |
| 14:08 | Build | Palisade Wall |
| 14:09 | Create | Villager (Male) |
| 14:12 | Build | Market |
| 14:28 | Create | Scout Cavalry |
| 14:40 | Create | Villager (Male) |
| 14:41 | Create | Villager (Male) |
| 14:43 | Build | Farm |
| 14:57 | Build | Farm |
| 15:06 | Create | Villager (Male) |
| 15:32 | Build | Mining Camp |
| 15:40 | Build | Farm |
| 15:48 | Build | House |
| 15:51 | Build | Palisade Wall |
| 15:54 | Build | Palisade Wall |
| 16:00 | Create | Scout Cavalry |
| 16:02 | Create | Villager (Male) |
| 16:13 | Build | Palisade Wall |
| 16:18 | Build | Palisade Wall |
| 16:21 | Build | Palisade Wall |
| 16:26 | Create | Villager (Male) |
| 16:28 | Build | Farm |
| 16:32 | Build | Farm |
| 16:37 | Build | Farm |
| 17:23 | Create | Villager (Male) |
| 17:30 | Build | Farm |
| 17:32 | Build | Farm |
| 17:37 | Build | House |
| 17:48 | Create | Villager (Male) |
| 18:06 | Create | Villager (Male) |
| 18:06 | Create | Villager (Male) |
| 18:29 | Create | Villager (Male) |
| 18:52 | Create | Villager (Male) |
| 19:12 | Research | Castle Age |
| 19:34 | Build | Stable |
| 19:37 | Build | Palisade Wall |
| 20:06 | Build | House |
| 20:30 | Create | Scout Cavalry |
| 20:30 | Create | Scout Cavalry |
| 20:38 | Build | Archery Range |
| 20:46 | Build | Archery Range |
| 20:52 | Create | Scout Cavalry |
| 20:53 | Create | Scout Cavalry |
| 21:45 | Build | Blacksmith |
| 21:56 | Research | Bloodlines |
| 22:08 | Age | Castle Age |
| 22:14 | Create | Cavalry Archer |
| 22:14 | Create | Cavalry Archer |
| 22:16 | Research | Fletching |
| 22:20 | Research | Thumb Ring |
| 22:21 | Create | Cavalry Archer |
| 22:21 | Create | Cavalry Archer |
| 22:23 | Create | Villager (Male) |
| 22:23 | Create | Villager (Male) |
| 22:38 | Create | Cavalry Archer |
| 22:53 | Create | Villager (Male) |
| 22:54 | Create | Villager (Male) |
| 23:09 | Create | Cavalry Archer |
| 23:09 | Create | Cavalry Archer |
| 23:30 | Create | Villager (Male) |
| 23:30 | Create | Villager (Male) |
| 23:41 | Build | Town Center |
| 23:43 | Create | Villager (Male) |
| 23:56 | Build | House |
| 23:58 | Build | House |
| 24:00 | Create | Cavalry Archer |
| 24:00 | Create | Cavalry Archer |
| 24:03 | Build | House |
| 24:16 | Create | Villager (Male) |
| 24:26 | Create | Cavalry Archer |
| 24:27 | Create | Cavalry Archer |
| 24:48 | Build | Farm |
| 24:48 | Build | Farm |
| 24:48 | Build | Farm |
| 25:31 | Create | Cavalry Archer |
| 25:31 | Create | Cavalry Archer |
| 25:37 | Research | Bodkin Arrow |
| 25:39 | Create | Cavalry Archer |
| 25:39 | Create | Cavalry Archer |
| 25:49 | Build | Farm |
| 25:49 | Build | Farm |
| 25:49 | Build | Farm |
| 25:52 | Create | Villager (Male) |
| 25:52 | Create | Villager (Male) |
Build order — Rabe3000
First 150 of 502 actions detected
| 0:01 | Create | Villager (Male) |
| 0:01 | Create | Villager (Male) |
| 0:01 | Create | Villager (Male) |
| 0:03 | Build | House |
| 0:05 | Build | House |
| 0:13 | Create | Villager (Male) |
| 1:08 | Create | Villager (Male) |
| 1:34 | Create | Villager (Male) |
| 2:10 | Create | Villager (Male) |
| 2:30 | Build | Lumber Camp |
| 2:37 | Create | Villager (Male) |
| 2:54 | Create | Villager (Male) |
| 3:04 | Build | House |
| 3:34 | Build | Palisade Wall |
| 3:45 | Create | Villager (Male) |
| 3:45 | Create | Villager (Male) |
| 4:04 | Create | Villager (Male) |
| 4:28 | Create | Villager (Male) |
| 5:06 | Create | Villager (Male) |
| 5:11 | Build | Mill |
| 5:31 | Create | Villager (Male) |
| 5:51 | Create | Villager (Male) |
| 6:49 | Research | Feudal Age |
| 7:24 | Create | Villager (Male) |
| 7:25 | Create | Villager (Male) |
| 7:37 | Build | Barracks |
| 8:03 | Build | House |
| 8:52 | Create | Villager (Male) |
| 8:59 | Age | Feudal Age |
| 9:09 | Build | Stable |
| 9:15 | Build | House |
| 9:23 | Create | Villager (Male) |
| 9:31 | Research | Double-Bit Axe |
| 10:15 | Create | Scout Cavalry |
| 10:17 | Build | Farm |
| 10:20 | Build | Farm |
| 10:43 | Create | Villager (Male) |
| 11:04 | Research | Loom |
| 11:12 | Create | Scout Cavalry |
| 11:15 | Create | Villager (Male) |
| 11:25 | Create | Scout Cavalry |
| 11:35 | Build | Market |
| 11:39 | Build | Farm |
| 11:40 | Build | Farm |
| 11:45 | Build | Farm |
| 12:13 | Create | Scout Cavalry ×3 |
| 12:53 | Create | Scout Cavalry |
| 12:57 | Create | Villager (Male) |
| 13:01 | Build | Farm |
| 13:03 | Build | Farm |
| 13:04 | Build | Farm |
| 13:13 | Build | Blacksmith |
| 13:18 | Build | Palisade Wall |
| 13:21 | Create | Scout Cavalry |
| 13:25 | Build | House |
| 13:30 | Research | Wheelbarrow |
| 13:48 | Create | Villager (Male) |
| 13:55 | Build | Farm |
| 14:08 | Create | Villager (Male) |
| 14:11 | Research | Scale Barding Armor |
| 14:54 | Create | Villager (Male) |
| 15:05 | Research | Forging |
| 15:36 | Create | Scout Cavalry |
| 15:38 | Create | Villager (Male) |
| 15:44 | Create | Villager (Male) |
| 15:49 | Build | House |
| 15:50 | Build | House |
| 15:55 | Build | Farm |
| 15:56 | Create | Villager (Male) |
| 16:03 | Build | Mining Camp |
| 16:06 | Create | Villager (Male) |
| 16:14 | Create | Villager (Male) |
| 16:34 | Build | Palisade Gate |
| 16:53 | Research | Bloodlines |
| 17:58 | Create | Villager (Male) |
| 18:04 | Create | Scout Cavalry ×4 |
| 18:21 | Build | House |
| 18:27 | Build | House |
| 18:51 | Build | Farm |
| 18:52 | Build | Farm |
| 18:56 | Create | Scout Cavalry |
| 19:09 | Create | Spearman |
| 19:14 | Build | Farm |
| 19:17 | Build | Farm |
| 19:18 | Build | Farm |
| 19:56 | Build | Palisade Wall |
| 19:59 | Create | Villager (Male) |
| 20:06 | Build | Farm |
| 20:08 | Build | Farm |
| 20:12 | Build | Farm |
| 20:14 | Build | Farm |
| 20:27 | Build | House |
| 20:56 | Build | Farm |
| 20:59 | Research | Castle Age |
| 21:00 | Research | Castle Age |
| 21:19 | Build | House |
| 21:39 | Build | House |
| 21:45 | Build | House |
| 21:56 | Create | Scout Cavalry |
| 21:58 | Create | Villager (Male) |
| 22:06 | Create | Villager (Male) |
| 22:14 | Build | Palisade Gate |
| 22:16 | Build | House |
| 22:22 | Create | Villager (Male) |
| 22:36 | Build | Lumber Camp |
| 22:47 | Build | Palisade Wall |
| 22:59 | Create | Scout Cavalry |
| 23:15 | Build | House |
| 23:26 | Build | Palisade Wall |
| 23:29 | Build | Palisade Wall |
| 23:39 | Age | Castle Age |
| 23:44 | Create | Camel Scout ×3 |
| 23:48 | Research | Light Cavalry (upgrade) |
| 23:49 | Research | Husbandry |
| 23:53 | Research | Chain Barding Armor |
| 24:04 | Research | Gold Mining |
| 24:04 | Create | Villager (Male) |
| 24:13 | Create | Villager (Male) |
| 24:49 | Create | Camel Scout |
| 24:51 | Create | Villager (Male) |
| 25:07 | Research | Iron Casting |
| 25:09 | Create | Villager (Male) |
| 25:45 | Create | Villager (Male) |
| 25:47 | Create | Camel Scout |
| 25:57 | Build | Town Center |
| 26:11 | Create | Camel Scout ×2 |
| 26:13 | Create | Villager (Male) |
| 26:22 | Create | Villager (Male) |
| 27:25 | Create | Villager (Male) |
| 27:25 | Create | Villager (Male) |
| 27:27 | Create | Camel Scout |
| 27:48 | Create | Villager (Male) |
| 27:53 | Create | Villager (Male) |
| 27:53 | Create | Villager (Male) |
| 28:05 | Build | Town Center |
| 28:14 | Create | Villager (Male) |
| 28:22 | Create | Camel Scout ×5 |
| 28:31 | Create | Camel Scout ×3 |
| 28:33 | Create | Villager (Male) |
| 29:11 | Create | Villager (Male) |
| 29:24 | Create | Villager (Male) |
| 29:27 | Create | Villager (Male) |
| 29:27 | Create | Villager (Male) |
| 29:28 | Create | Villager (Male) |
| 29:34 | Create | Villager (Male) |
| 29:39 | Create | Camel Scout |
| 29:51 | Create | Villager (Male) |
| 29:55 | Create | Camel Scout |
| 30:08 | Create | Camel Scout |
| 30:09 | Create | Villager (Male) |
Build order — Colaf the Mighty
First 150 of 531 actions detected
| 0:01 | Create | Villager (Male) |
| 0:01 | Create | Villager (Male) |
| 0:01 | Create | Villager (Male) |
| 0:02 | Create | Villager (Male) |
| 0:03 | Build | House |
| 0:05 | Build | House |
| 1:36 | Create | Villager (Male) |
| 2:08 | Create | Villager (Male) |
| 2:25 | Create | Villager (Male) |
| 2:55 | Create | Villager (Male) |
| 3:07 | Create | Villager (Male) |
| 3:45 | Build | House |
| 3:49 | Create | Villager (Male) |
| 3:50 | Create | Villager (Male) |
| 4:37 | Create | Villager (Male) |
| 4:43 | Build | Mill |
| 5:10 | Create | Villager (Male) |
| 5:42 | Create | Villager (Male) |
| 5:42 | Create | Villager (Male) |
| 5:43 | Create | Villager (Male) |
| 6:13 | Create | Villager (Male) |
| 6:24 | Build | House |
| 6:43 | Create | Villager (Male) |
| 7:02 | Create | Villager (Male) |
| 7:39 | Build | Lumber Camp |
| 7:50 | Create | Villager (Male) |
| 7:56 | Build | House |
| 8:15 | Create | Villager (Male) |
| 8:43 | Create | Villager (Male) |
| 9:05 | Create | Villager (Male) |
| 9:28 | Build | Barracks |
| 9:33 | Research | Feudal Age |
| 10:08 | Build | House |
| 10:27 | Create | Villager (Male) |
| 11:03 | Build | House |
| 12:02 | Age | Feudal Age |
| 12:16 | Build | Stable |
| 12:18 | Create | Villager (Male) |
| 13:00 | Create | Villager (Male) |
| 13:02 | Create | Villager (Male) |
| 13:05 | Build | Farm |
| 13:06 | Build | Farm |
| 13:07 | Build | Farm |
| 13:08 | Build | Farm |
| 13:09 | Build | Farm |
| 13:13 | Build | Farm |
| 13:16 | Create | Scout Cavalry |
| 13:17 | Create | Scout Cavalry |
| 13:20 | Build | Stable |
| 13:30 | Build | Farm |
| 13:37 | Research | Wheelbarrow |
| 13:39 | Research | Loom |
| 13:50 | Build | Archery Range |
| 13:55 | Build | Stable |
| 13:57 | Create | Scout Cavalry |
| 14:10 | Build | Blacksmith |
| 14:15 | Build | House |
| 14:28 | Build | Watch Tower |
| 14:31 | Create | Villager (Male) |
| 14:34 | Create | Scout Cavalry |
| 14:35 | Create | Scout Cavalry |
| 14:57 | Build | Mining Camp |
| 14:59 | Create | Villager (Male) |
| 15:09 | Build | Farm |
| 15:13 | Build | Farm |
| 15:32 | Build | Farm |
| 15:37 | Create | Villager (Male) |
| 15:45 | Create | Villager (Male) |
| 15:58 | Create | Scout Cavalry |
| 15:59 | Create | Scout Cavalry |
| 16:18 | Build | Stone Wall |
| 16:21 | Build | Gate |
| 16:36 | Build | Stone Wall |
| 16:42 | Create | Villager (Male) |
| 16:43 | Create | Villager (Male) |
| 16:48 | Create | Scout Cavalry |
| 16:48 | Create | Scout Cavalry |
| 16:59 | Research | Forging |
| 17:02 | Research | Scale Barding Armor |
| 17:23 | Create | Villager (Male) |
| 18:17 | Create | Villager (Male) |
| 18:35 | Build | Mill |
| 18:38 | Build | Farm |
| 18:39 | Build | Farm |
| 18:41 | Build | Farm |
| 18:51 | Build | Gate |
| 18:56 | Build | Stone Wall |
| 18:59 | Create | Villager (Male) |
| 19:13 | Build | Stone Wall |
| 19:29 | Build | Stone Wall |
| 19:31 | Create | Villager (Male) |
| 19:36 | Create | Villager (Male) |
| 19:49 | Build | Stone Wall |
| 20:04 | Build | Gate |
| 20:11 | Research | Wheelbarrow |
| 20:16 | Build | House |
| 20:41 | Build | Archery Range |
| 20:50 | Build | Farm |
| 20:54 | Build | Farm |
| 21:12 | Build | Stone Wall |
| 21:18 | Build | House |
| 21:22 | Build | House |
| 21:25 | Create | Villager (Male) |
| 22:00 | Build | Stone Wall |
| 22:15 | Build | Archery Range |
| 22:26 | Research | Double-Bit Axe |
| 22:27 | Research | Horse Collar |
| 22:33 | Create | Villager (Male) |
| 22:56 | Create | Villager (Male) |
| 22:59 | Research | Bloodlines |
| 23:33 | Build | Archery Range |
| 23:37 | Create | Villager (Male) |
| 23:39 | Create | Villager (Male) |
| 24:05 | Build | Farm |
| 24:52 | Build | Farm |
| 25:00 | Build | Stable |
| 25:02 | Research | Castle Age |
| 25:08 | Research | Gold Mining |
| 25:17 | Research | Fletching |
| 25:39 | Create | Scout Cavalry |
| 25:40 | Create | Scout Cavalry |
| 26:15 | Create | Scout Cavalry |
| 26:16 | Create | Scout Cavalry |
| 27:25 | Build | Mining Camp |
| 27:40 | Build | Stable |
| 27:42 | Age | Castle Age |
| 27:47 | Research | Light Cavalry (upgrade) |
| 27:48 | Research | Husbandry |
| 27:51 | Create | Knight |
| 27:54 | Create | Cavalry Archer |
| 27:56 | Create | Cavalry Archer |
| 28:01 | Research | Chain Barding Armor |
| 28:05 | Research | Iron Casting |
| 28:07 | Create | Villager (Male) |
| 28:09 | Create | Villager (Male) |
| 28:22 | Research | Heavy Plow |
| 28:42 | Build | Mill |
| 28:50 | Create | Knight |
| 28:53 | Create | Knight |
| 28:56 | Create | Scout Cavalry |
| 28:58 | Create | Cavalry Archer |
| 29:04 | Build | Farm |
| 29:09 | Create | Villager (Male) |
| 29:17 | Build | House |
| 29:53 | Build | Castle |
| 30:00 | Research | Thumb Ring |
| 30:23 | Create | Cavalry Archer |
| 30:28 | Create | Cavalry Archer |
| 30:31 | Create | Knight |
| 30:34 | Create | Knight |
Build order — heggiesaan
First 150 of 591 actions detected
| 0:02 | Create | Villager (Male) |
| 0:03 | Build | House |
| 0:04 | Build | House |
| 0:06 | Create | Villager (Male) |
| 0:06 | Create | Villager (Male) |
| 0:06 | Create | Villager (Male) |
| 0:06 | Create | Villager (Male) |
| 1:22 | Build | Lumber Camp |
| 1:35 | Create | Villager (Male) |
| 2:02 | Create | Villager (Male) |
| 2:27 | Create | Villager (Male) |
| 2:58 | Create | Villager (Male) |
| 3:05 | Build | House |
| 3:24 | Create | Villager (Male) |
| 3:53 | Create | Villager (Male) |
| 4:12 | Create | Villager (Male) |
| 4:13 | Create | Villager (Male) |
| 4:44 | Create | Villager (Male) |
| 5:19 | Create | Villager (Male) |
| 5:37 | Build | Mining Camp |
| 5:41 | Create | Villager (Male) |
| 6:04 | Create | Villager (Male) |
| 6:28 | Build | House |
| 6:33 | Build | Palisade Wall |
| 6:50 | Research | Loom |
| 7:21 | Research | Feudal Age |
| 7:26 | Build | Barracks |
| 8:04 | Create | Villager (Male) |
| 9:19 | Create | Villager (Male) |
| 9:31 | Age | Feudal Age |
| 9:33 | Build | Archery Range |
| 9:46 | Build | Archery Range |
| 10:15 | Research | Double-Bit Axe |
| 10:41 | Build | House |
| 11:02 | Build | Blacksmith |
| 11:04 | Create | Villager (Male) |
| 11:13 | Create | Archer |
| 11:14 | Create | Archer |
| 11:14 | Create | Archer |
| 11:14 | Create | Archer |
| 11:33 | Build | Mill |
| 11:34 | Create | Villager (Male) |
| 12:08 | Create | Villager (Male) |
| 12:41 | Create | Villager (Male) |
| 13:05 | Build | Farm |
| 13:05 | Build | Farm |
| 13:05 | Build | Farm |
| 13:06 | Build | Farm |
| 13:06 | Build | Farm |
| 13:06 | Build | Farm |
| 13:07 | Build | Farm |
| 13:08 | Build | Farm |
| 13:09 | Create | Villager (Male) |
| 13:21 | Create | Archer |
| 13:21 | Create | Archer |
| 13:25 | Build | House |
| 13:28 | Build | House |
| 13:41 | Create | Villager (Male) |
| 13:49 | Research | Fletching |
| 13:54 | Create | Archer |
| 13:54 | Create | Archer |
| 13:57 | Create | Villager (Male) |
| 14:28 | Create | Villager (Male) |
| 14:34 | Create | Villager (Male) |
| 14:40 | Create | Archer |
| 14:40 | Create | Archer |
| 14:59 | Build | Lumber Camp |
| 15:15 | Create | Villager (Male) |
| 15:23 | Create | Villager (Male) |
| 15:29 | Build | House |
| 15:31 | Create | Villager (Male) |
| 15:55 | Create | Villager (Male) |
| 16:03 | Create | Archer |
| 16:04 | Create | Archer |
| 16:26 | Build | Farm |
| 16:29 | Build | Farm |
| 16:29 | Create | Villager (Male) |
| 17:40 | Create | Villager (Male) |
| 17:42 | Create | Archer |
| 17:42 | Create | Archer |
| 18:14 | Create | Archer |
| 18:14 | Create | Archer |
| 18:20 | Create | Villager (Male) |
| 18:27 | Build | House |
| 18:29 | Build | House |
| 18:30 | Build | House |
| 18:36 | Research | Castle Age |
| 19:02 | Research | Padded Archer Armor |
| 19:07 | Create | Archer |
| 19:08 | Create | Archer |
| 19:13 | Create | Villager (Male) |
| 19:24 | Build | House |
| 20:06 | Create | Villager (Male) |
| 20:32 | Create | Archer |
| 20:32 | Create | Archer |
| 20:44 | Build | House |
| 21:16 | Age | Castle Age |
| 21:17 | Research | Crossbowman (upgrade) |
| 21:19 | Research | Thumb Ring |
| 21:24 | Create | Villager (Male) |
| 21:33 | Build | University |
| 21:36 | Create | Villager (Male) |
| 21:45 | Research | Bodkin Arrow |
| 21:49 | Research | Leather Archer Armor |
| 21:56 | Create | Villager (Male) |
| 22:23 | Research | Ballistics |
| 22:38 | Create | Villager (Male) |
| 22:51 | Create | Villager (Male) |
| 24:17 | Build | Archery Range |
| 24:48 | Create | Archer ×5 |
| 25:32 | Research | Wheelbarrow |
| 25:33 | Create | Villager (Male) |
| 25:33 | Create | Villager (Male) |
| 26:00 | Build | Archery Range |
| 26:03 | Create | Villager (Male) |
| 26:03 | Create | Villager (Male) |
| 26:06 | Create | Villager (Male) |
| 26:10 | Research | Bow Saw |
| 26:31 | Build | Market |
| 26:52 | Build | House |
| 27:10 | Build | Town Center |
| 27:12 | Create | Villager (Male) |
| 27:25 | Create | Archer |
| 27:25 | Create | Archer |
| 27:50 | Create | Villager (Male) |
| 27:51 | Create | Villager (Male) |
| 27:54 | Build | Lumber Camp |
| 28:16 | Create | Villager (Male) |
| 28:16 | Create | Villager (Male) |
| 28:22 | Create | Archer |
| 28:22 | Create | Archer |
| 28:52 | Research | Hand Cart |
| 29:05 | Create | Archer |
| 29:05 | Create | Archer |
| 29:22 | Build | Siege Workshop |
| 29:25 | Create | Archer |
| 29:25 | Create | Archer |
| 30:08 | Build | Archery Range |
| 30:13 | Create | Unit 1962 |
| 30:14 | Create | Unit 1962 |
| 30:19 | Create | Villager (Male) |
| 30:20 | Create | Villager (Male) |
| 30:22 | Create | Villager (Male) |
| 30:23 | Create | Villager (Male) |
| 30:27 | Create | Villager (Male) |
| 30:35 | Build | Mining Camp |
| 30:36 | Create | Villager (Male) |
| 30:37 | Research | Town Watch |
| 30:39 | Create | Archer |
| 30:40 | Create | Archer |
Build order — HorkTheLegend
First 150 of 823 actions detected
| 0:01 | Create | Villager (Male) ×4 |
| 0:04 | Build | House |
| 0:07 | Build | House |
| 1:27 | Create | Villager (Male) |
| 1:28 | Create | Villager (Male) |
| 1:28 | Create | Villager (Male) |
| 1:59 | Build | Lumber Camp |
| 2:02 | Create | Villager (Male) |
| 2:02 | Create | Villager (Male) |
| 2:02 | Create | Villager (Male) |
| 2:27 | Create | Villager (Male) |
| 2:27 | Create | Villager (Male) |
| 3:00 | Create | Villager (Male) |
| 3:00 | Create | Villager (Male) |
| 3:00 | Create | Villager (Male) |
| 3:19 | Create | Villager (Male) |
| 3:19 | Create | Villager (Male) |
| 3:19 | Create | Villager (Male) |
| 3:49 | Build | House |
| 3:51 | Build | House |
| 4:18 | Create | Villager (Male) |
| 4:19 | Create | Villager (Male) |
| 4:25 | Create | Villager (Male) |
| 4:25 | Create | Villager (Male) |
| 4:25 | Create | Villager (Male) |
| 4:48 | Create | Villager (Male) |
| 5:14 | Build | Mill |
| 5:23 | Create | Villager (Male) |
| 6:23 | Create | Villager (Male) |
| 6:38 | Create | Villager (Male) |
| 6:55 | Research | Loom |
| 7:19 | Build | Mining Camp |
| 7:25 | Research | Feudal Age |
| 7:50 | Build | Barracks |
| 8:47 | Build | House |
| 9:18 | Create | Villager (Male) |
| 9:20 | Create | Villager (Male) |
| 9:35 | Age | Feudal Age |
| 9:41 | Build | Archery Range |
| 9:54 | Research | Double-Bit Axe |
| 9:57 | Research | Horse Collar |
| 10:03 | Create | Villager (Male) |
| 10:17 | Build | House |
| 10:24 | Create | Villager (Male) |
| 10:38 | Create | Archer |
| 10:39 | Create | Archer |
| 10:40 | Create | Archer |
| 10:59 | Create | Villager (Male) |
| 11:00 | Create | Archer |
| 11:03 | Build | Farm |
| 11:10 | Build | House |
| 11:19 | Create | Villager (Male) |
| 11:22 | Build | Farm |
| 11:24 | Build | Farm |
| 11:47 | Create | Villager (Male) |
| 11:50 | Build | Farm |
| 11:52 | Create | Archer |
| 12:13 | Create | Archer |
| 12:16 | Create | Villager (Male) |
| 12:38 | Build | Blacksmith |
| 12:44 | Create | Villager (Male) |
| 13:02 | Build | Farm |
| 13:09 | Create | Villager (Male) |
| 13:19 | Create | Archer |
| 13:19 | Create | Archer |
| 13:27 | Create | Villager (Male) |
| 13:28 | Create | Villager (Male) |
| 13:34 | Build | Farm |
| 14:07 | Build | House |
| 14:08 | Build | House |
| 14:08 | Build | House |
| 14:09 | Build | House |
| 14:20 | Create | Villager (Male) |
| 14:23 | Create | Archer |
| 14:27 | Build | Farm |
| 14:30 | Create | Villager (Male) |
| 14:47 | Research | Fletching |
| 14:53 | Build | Farm |
| 15:01 | Create | Archer |
| 15:06 | Build | Farm |
| 15:17 | Create | Villager (Male) |
| 15:23 | Build | Farm |
| 15:27 | Build | House |
| 15:30 | Create | Villager (Male) |
| 15:54 | Build | Farm |
| 16:11 | Build | Lumber Camp |
| 16:22 | Create | Archer |
| 16:45 | Research | Castle Age |
| 16:51 | Build | Farm |
| 17:33 | Create | Villager (Male) |
| 17:46 | Create | Archer |
| 17:46 | Create | Archer |
| 17:49 | Build | Archery Range |
| 18:04 | Build | Farm |
| 18:06 | Build | Farm |
| 18:09 | Research | Padded Archer Armor |
| 18:13 | Create | Skirmisher |
| 18:19 | Create | Archer |
| 18:20 | Create | Archer |
| 18:27 | Create | Villager (Male) |
| 18:30 | Research | Gold Mining |
| 18:38 | Create | Archer |
| 18:38 | Create | Archer |
| 19:22 | Create | Villager (Male) |
| 19:25 | Age | Castle Age |
| 19:28 | Research | Crossbowman (upgrade) |
| 19:45 | Build | Town Center |
| 19:54 | Research | Leather Archer Armor |
| 19:57 | Research | Bodkin Arrow |
| 20:03 | Create | Archer |
| 20:03 | Create | Archer |
| 20:03 | Create | Archer |
| 20:23 | Build | Farm |
| 20:27 | Build | Farm |
| 20:46 | Research | Bow Saw |
| 20:47 | Research | Bow Saw |
| 20:55 | Create | Archer |
| 20:55 | Create | Archer |
| 21:00 | Create | Villager (Male) |
| 21:14 | Create | Villager (Male) |
| 21:19 | Create | Archer |
| 21:20 | Create | Archer |
| 21:35 | Build | House |
| 21:35 | Build | House |
| 21:37 | Build | House |
| 21:37 | Build | House |
| 21:37 | Build | House |
| 21:41 | Create | Archer |
| 21:50 | Create | Villager (Male) |
| 21:50 | Create | Villager (Male) |
| 21:59 | Create | Villager (Male) |
| 22:14 | Create | Villager (Male) |
| 22:18 | Create | Archer |
| 22:18 | Create | Archer |
| 22:25 | Create | Villager (Male) |
| 22:25 | Create | Villager (Male) |
| 22:30 | Create | Villager (Male) |
| 22:37 | Create | Archer |
| 22:37 | Create | Archer |
| 22:40 | Build | House |
| 22:42 | Build | House |
| 22:42 | Build | House |
| 22:49 | Create | Archer |
| 22:49 | Create | Archer |
| 22:52 | Create | Villager (Male) |
| 22:53 | Create | Villager (Male) |
| 23:26 | Build | University |
| 23:31 | Create | Villager (Male) |
| 23:31 | Create | Villager (Male) |
| 24:19 | Build | House |
Build order — KingTeOTep
First 150 of 444 actions detected
| 0:04 | Build | House |
| 0:07 | Build | House |
| 0:09 | Create | Villager (Male) ×4 |
| 1:45 | Research | Loom |
| 1:53 | Create | Villager (Male) |
| 2:36 | Create | Villager (Male) |
| 3:13 | Create | Villager (Male) ×3 |
| 3:27 | Build | Lumber Camp |
| 3:30 | Build | House |
| 3:39 | Create | Villager (Male) |
| 3:51 | Create | Villager (Male) |
| 3:57 | Build | House |
| 4:28 | Create | Villager (Male) ×2 |
| 4:53 | Create | Villager (Male) |
| 5:49 | Create | Villager (Male) ×3 |
| 6:08 | Build | Mill |
| 6:37 | Create | Villager (Male) |
| 6:40 | Build | House |
| 7:05 | Create | Villager (Male) |
| 7:54 | Create | Villager (Male) |
| 7:54 | Create | Villager (Male) |
| 9:32 | Build | Mill |
| 9:40 | Research | Feudal Age |
| 10:41 | Create | Villager (Male) |
| 10:41 | Create | Villager (Male) |
| 11:37 | Build | Mill |
| 12:08 | Build | Barracks |
| 12:44 | Create | Villager (Male) ×5 |
| 13:00 | Create | Spearman |
| 13:01 | Create | Spearman |
| 13:09 | Create | Villager (Male) |
| 13:10 | Create | Villager (Male) |
| 13:21 | Research | Double-Bit Axe |
| 14:14 | Create | Spearman |
| 14:14 | Create | Spearman |
| 14:30 | Build | House |
| 14:31 | Build | House |
| 14:53 | Build | Mining Camp |
| 15:50 | Create | Villager (Male) |
| 15:51 | Create | Villager (Male) |
| 16:25 | Build | Market |
| 16:33 | Build | Blacksmith |
| 16:43 | Create | Villager (Male) |
| 17:36 | Research | Castle Age |
| 17:45 | Create | Spearman |
| 17:45 | Create | Spearman |
| 18:18 | Build | House |
| 18:25 | Build | House |
| 18:39 | Research | Scale Mail Armor |
| 18:45 | Research | Horse Collar |
| 18:55 | Research | Stone Mining |
| 18:59 | Build | Farm |
| 19:12 | Build | House |
| 19:19 | Build | Farm |
| 19:20 | Build | Farm |
| 19:54 | Build | Farm |
| 20:00 | Research | Fletching |
| 20:26 | Research | Squires |
| 20:35 | Build | Town Center |
| 21:24 | Build | Farm |
| 21:25 | Build | Farm |
| 21:44 | Research | Town Watch |
| 21:59 | Create | Fire Lancer |
| 22:00 | Create | Fire Lancer |
| 22:20 | Build | Farm |
| 22:22 | Build | Farm |
| 22:23 | Build | Farm |
| 23:06 | Research | Gambesons |
| 23:15 | Build | Castle |
| 23:29 | Build | Lumber Camp |
| 23:44 | Create | Villager (Male) |
| 23:44 | Create | Villager (Male) |
| 24:55 | Build | Town Center |
| 25:27 | Build | Castle |
| 25:34 | Create | War Wagon |
| 25:34 | Create | War Wagon |
| 25:54 | Create | Villager (Male) |
| 25:55 | Create | Villager (Male) |
| 25:55 | Create | Villager (Male) |
| 26:01 | Create | Villager (Male) |
| 26:01 | Create | Villager (Male) |
| 27:22 | Build | Castle |
| 27:35 | Research | Wheelbarrow |
| 27:35 | Create | Villager (Male) |
| 28:10 | Create | Villager (Male) ×2 |
| 28:34 | Create | Villager (Male) |
| 28:57 | Build | Castle |
| 30:09 | Build | Mining Camp |
| 30:22 | Build | Town Center |
| 30:29 | Create | Villager (Male) ×5 |
| 30:45 | Build | Mining Camp |
| 30:58 | Build | House |
| 31:20 | Build | Watch Tower |
| 31:22 | Build | Watch Tower |
| 31:23 | Build | Watch Tower |
| 31:24 | Build | Watch Tower |
| 31:42 | Create | Villager (Male) |
| 31:43 | Create | Villager (Male) |
| 31:43 | Create | Villager (Male) |
| 31:53 | Create | Villager (Male) ×5 |
| 32:52 | Build | Watch Tower |
| 32:53 | Build | Watch Tower |
| 33:02 | Create | Villager (Male) |
| 33:02 | Create | Villager (Male) |
| 33:30 | Build | Watch Tower |
| 33:31 | Build | Watch Tower |
| 33:41 | Build | Watch Tower |
| 33:59 | Create | Villager (Male) ×5 |
| 34:17 | Create | Villager (Male) |
| 34:18 | Create | Villager (Male) |
| 34:21 | Create | Villager (Male) |
| 34:21 | Create | Villager (Male) |
| 34:25 | Research | Bow Saw |
| 34:59 | Build | Watch Tower |
| 35:00 | Build | Watch Tower |
| 35:02 | Build | Watch Tower |
| 35:17 | Research | Bodkin Arrow |
| 35:32 | Build | Mill |
| 35:47 | Create | Villager (Male) ×2 |
| 36:17 | Build | Farm |
| 36:19 | Build | Farm |
| 36:24 | Build | Farm |
| 36:26 | Build | Farm |
| 36:52 | Research | Eupseong |
| 37:20 | Build | Farm |
| 37:22 | Build | Farm |
| 37:27 | Build | Watch Tower |
| 37:29 | Build | Watch Tower |
| 37:42 | Build | University |
| 38:05 | Build | Lumber Camp |
| 38:09 | Build | Mining Camp |
| 38:14 | Research | Stone Shaft Mining |
| 38:25 | Build | Watch Tower |
| 38:43 | Research | Treadmill Crane |
| 38:55 | Build | Mining Camp |
| 39:02 | Build | Mining Camp |
| 39:13 | Build | Mining Camp |
| 39:22 | Research | Town Patrol |
| 39:23 | Create | Villager (Male) ×5 |
| 39:23 | Create | Villager (Male) ×5 |
| 39:37 | Build | Watch Tower |
| 40:07 | Build | Watch Tower |
| 40:17 | Build | Watch Tower |
| 40:19 | Build | Watch Tower |
| 40:28 | Research | Masonry |
| 40:30 | Research | Ballistics |
| 40:38 | Create | War Wagon |
| 41:23 | Build | Watch Tower |
| 41:24 | Build | Watch Tower |
| 41:48 | Research | Hand Cart |
Build order — Jdalla The Bloodless
First 150 of 701 actions detected
| 0:01 | Create | Villager (Male) |
| 0:01 | Create | Villager (Male) |
| 0:02 | Create | Villager (Male) |
| 0:03 | Build | House |
| 0:04 | Build | House |
| 0:19 | Create | Villager (Male) |
| 0:59 | Research | Loom |
| 1:37 | Create | Villager (Male) |
| 1:53 | Create | Villager (Male) |
| 2:26 | Create | Villager (Male) |
| 2:38 | Build | Lumber Camp |
| 2:58 | Create | Villager (Male) |
| 2:58 | Create | Villager (Male) |
| 3:22 | Build | House |
| 3:24 | Build | House |
| 3:45 | Create | Villager (Male) |
| 3:45 | Create | Villager (Male) |
| 4:34 | Create | Villager (Male) |
| 4:34 | Create | Villager (Male) |
| 4:53 | Create | Villager (Male) |
| 5:35 | Build | Mill |
| 5:39 | Create | Villager (Male) |
| 5:39 | Create | Villager (Male) |
| 6:49 | Create | Villager (Male) |
| 6:51 | Create | Villager (Male) |
| 7:12 | Build | Lumber Camp |
| 7:33 | Create | Villager (Male) |
| 8:12 | Create | Villager (Male) |
| 8:15 | Build | House |
| 8:17 | Build | House |
| 9:09 | Research | Feudal Age |
| 10:15 | Create | Villager (Male) |
| 10:22 | Build | Barracks |
| 10:33 | Build | House |
| 10:37 | Build | Palisade Wall |
| 11:19 | Age | Feudal Age |
| 11:22 | Build | Blacksmith |
| 11:28 | Build | Stable |
| 11:32 | Create | Villager (Male) |
| 12:40 | Create | Villager (Male) |
| 12:51 | Create | Scout Cavalry |
| 12:51 | Create | Scout Cavalry |
| 12:52 | Create | Scout Cavalry |
| 13:05 | Create | Villager (Male) |
| 13:09 | Build | Mining Camp |
| 13:30 | Research | Forging |
| 13:32 | Create | Villager (Male) |
| 13:33 | Create | Villager (Male) |
| 13:52 | Build | Mill |
| 14:01 | Create | Villager (Male) |
| 14:04 | Create | Scout Cavalry |
| 15:09 | Create | Villager (Male) |
| 15:13 | Build | Farm |
| 15:17 | Build | Farm |
| 15:21 | Build | Farm |
| 15:24 | Build | Farm |
| 15:25 | Create | Villager (Male) |
| 15:39 | Build | Farm |
| 16:20 | Create | Villager (Male) |
| 16:30 | Build | Farm |
| 16:49 | Build | Farm |
| 17:00 | Build | House |
| 17:04 | Build | House |
| 17:05 | Build | House |
| 17:11 | Research | Castle Age |
| 18:11 | Build | Stable |
| 18:14 | Research | Scale Barding Armor |
| 18:20 | Research | Horse Collar |
| 18:20 | Research | Double-Bit Axe |
| 18:22 | Research | Gold Mining |
| 18:26 | Create | Villager (Male) |
| 18:30 | Build | Farm |
| 18:34 | Build | Farm |
| 18:38 | Build | Farm |
| 19:51 | Age | Castle Age |
| 19:56 | Create | Knight |
| 19:57 | Create | Knight |
| 20:05 | Research | Bloodlines |
| 20:11 | Create | Steppe Lancer |
| 20:16 | Create | Steppe Lancer |
| 20:17 | Create | Steppe Lancer |
| 20:36 | Build | Town Center |
| 20:39 | Create | Villager (Male) |
| 20:39 | Create | Villager (Male) |
| 20:40 | Create | Villager (Male) |
| 20:46 | Create | Steppe Lancer |
| 20:51 | Create | Steppe Lancer |
| 21:25 | Create | Villager (Male) |
| 21:26 | Create | Villager (Male) |
| 21:35 | Create | Steppe Lancer |
| 21:59 | Create | Villager (Male) |
| 21:59 | Create | Villager (Male) |
| 22:06 | Build | Town Center |
| 22:21 | Build | Farm |
| 22:24 | Create | Steppe Lancer |
| 22:42 | Build | Farm |
| 22:49 | Create | Steppe Lancer |
| 22:49 | Create | Steppe Lancer |
| 22:53 | Create | Steppe Lancer |
| 23:02 | Build | Farm |
| 23:03 | Build | Farm |
| 23:05 | Build | Farm |
| 23:11 | Create | Villager (Male) |
| 23:16 | Build | Farm |
| 23:19 | Create | Villager (Male) |
| 23:19 | Create | Villager (Male) |
| 23:24 | Build | Farm |
| 23:36 | Build | Market |
| 24:22 | Research | Chain Barding Armor |
| 24:24 | Create | Villager (Male) |
| 24:29 | Build | Farm |
| 24:50 | Create | Villager (Male) |
| 24:50 | Create | Villager (Male) |
| 24:51 | Create | Villager (Male) |
| 25:15 | Research | Light Cavalry (upgrade) |
| 25:18 | Create | Scout Cavalry ×2 |
| 25:19 | Create | Scout Cavalry ×2 |
| 25:49 | Build | Farm |
| 25:50 | Build | Farm |
| 25:54 | Build | Mill |
| 25:58 | Create | Villager (Male) |
| 25:58 | Create | Villager (Male) |
| 26:01 | Create | Scout Cavalry |
| 26:01 | Create | Scout Cavalry |
| 26:01 | Create | Scout Cavalry |
| 26:23 | Create | Villager (Male) |
| 26:23 | Create | Villager (Male) |
| 26:26 | Create | Steppe Lancer |
| 26:26 | Create | Steppe Lancer |
| 26:39 | Build | Farm |
| 26:42 | Create | Villager (Male) |
| 27:06 | Create | Villager (Male) |
| 27:07 | Create | Villager (Male) |
| 27:07 | Create | Villager (Male) |
| 27:11 | Build | Farm |
| 27:17 | Build | Farm |
| 27:18 | Build | Farm |
| 27:23 | Research | Bow Saw |
| 27:26 | Create | Villager (Male) |
| 27:26 | Create | Villager (Male) |
| 27:26 | Create | Villager (Male) |
| 27:37 | Create | Steppe Lancer |
| 27:37 | Create | Steppe Lancer |
| 27:47 | Create | Steppe Lancer |
| 27:47 | Create | Steppe Lancer |
| 27:47 | Create | Steppe Lancer |
| 27:48 | Create | Steppe Lancer |
| 27:56 | Create | Villager (Male) |
| 28:00 | Build | House |
| 28:01 | Build | House |
Build order — KINHO
First 150 of 598 actions detected
| 0:07 | Create | Villager (Male) |
| 0:07 | Create | Villager (Male) |
| 0:07 | Create | Villager (Male) |
| 0:08 | Create | Villager (Male) |
| 0:08 | Create | Villager (Male) |
| 0:10 | Build | House |
| 0:12 | Build | House |
| 0:41 | Build | House |
| 1:38 | Create | Villager (Male) |
| 1:38 | Create | Villager (Male) |
| 1:58 | Build | Lumber Camp |
| 2:11 | Research | Loom |
| 2:14 | Create | Villager (Male) |
| 2:29 | Create | Villager (Male) |
| 2:29 | Create | Villager (Male) |
| 3:01 | Create | Villager (Male) |
| 3:01 | Create | Villager (Male) |
| 3:20 | Create | Villager (Male) |
| 3:21 | Create | Villager (Male) |
| 3:49 | Create | Villager (Male) |
| 3:49 | Create | Villager (Male) |
| 4:12 | Create | Villager (Male) |
| 4:12 | Create | Villager (Male) |
| 4:49 | Create | Villager (Male) |
| 4:49 | Create | Villager (Male) |
| 4:53 | Create | Villager (Male) |
| 4:53 | Create | Villager (Male) |
| 5:16 | Create | Villager (Male) |
| 5:17 | Create | Villager (Male) |
| 5:20 | Build | Mill |
| 5:44 | Create | Villager (Male) |
| 5:44 | Create | Villager (Male) |
| 5:51 | Create | Villager (Male) |
| 6:05 | Build | House |
| 6:13 | Create | Villager (Male) |
| 6:13 | Create | Villager (Male) |
| 6:20 | Build | Mill |
| 6:45 | Create | Villager (Male) |
| 6:49 | Build | House |
| 7:09 | Create | Villager (Male) |
| 7:44 | Build | Mining Camp |
| 8:33 | Research | Feudal Age |
| 8:33 | Research | Feudal Age |
| 9:42 | Build | Barracks |
| 10:43 | Age | Feudal Age |
| 10:44 | Create | Villager (Male) |
| 11:07 | Build | Stable |
| 11:27 | Build | Blacksmith |
| 12:07 | Build | Watch Tower |
| 12:23 | Research | Castle Age |
| 12:23 | Research | Castle Age |
| 12:28 | Research | Double-Bit Axe |
| 12:53 | Research | Horse Collar |
| 12:53 | Research | Horse Collar |
| 13:17 | Build | Farm |
| 13:23 | Build | Farm |
| 13:33 | Build | House |
| 13:53 | Create | Villager (Male) |
| 14:31 | Build | House |
| 14:35 | Build | House |
| 15:03 | Age | Castle Age |
| 15:05 | Create | Knight |
| 15:05 | Create | Knight |
| 15:06 | Create | Knight |
| 15:32 | Create | Villager (Male) |
| 15:39 | Build | Farm |
| 16:17 | Create | Villager (Male) |
| 16:22 | Build | Farm |
| 16:34 | Create | Villager (Male) |
| 16:38 | Build | House |
| 16:52 | Build | Farm |
| 16:59 | Create | Villager (Male) |
| 16:59 | Create | Villager (Male) |
| 17:31 | Create | Villager (Male) |
| 17:33 | Build | Farm |
| 17:36 | Build | Farm |
| 17:37 | Build | Farm |
| 17:40 | Build | Farm |
| 17:42 | Build | Farm |
| 17:43 | Create | Villager (Male) |
| 17:44 | Create | Villager (Male) |
| 18:09 | Build | Market |
| 18:11 | Create | Villager (Male) |
| 18:26 | Build | Farm |
| 18:41 | Create | Villager (Male) |
| 18:52 | Create | Knight |
| 19:02 | Create | Villager (Male) |
| 19:03 | Create | Villager (Male) |
| 19:20 | Build | Siege Workshop |
| 19:24 | Create | Knight |
| 19:25 | Create | Knight |
| 19:29 | Create | Villager (Male) |
| 19:49 | Create | Knight |
| 19:49 | Create | Knight |
| 19:56 | Create | Villager (Male) |
| 20:06 | Create | Villager (Male) |
| 20:10 | Create | Mangonel |
| 20:10 | Create | Mangonel |
| 20:12 | Build | House |
| 20:25 | Create | Villager (Male) |
| 20:26 | Create | Villager (Male) |
| 20:29 | Create | Mangonel |
| 20:49 | Build | Farm |
| 20:52 | Create | Knight |
| 21:05 | Build | House |
| 21:08 | Create | Villager (Male) |
| 21:28 | Build | Outpost |
| 21:35 | Create | Knight |
| 21:36 | Create | Knight |
| 21:39 | Create | Villager (Male) |
| 21:39 | Create | Villager (Male) |
| 21:45 | Build | House |
| 21:52 | Create | Mangonel |
| 21:54 | Create | Villager (Male) |
| 22:11 | Create | Knight |
| 22:11 | Create | Knight |
| 22:18 | Build | House |
| 23:14 | Create | Villager (Male) |
| 23:14 | Create | Villager (Male) |
| 24:29 | Build | Castle |
| 24:46 | Create | Villager (Male) |
| 24:46 | Create | Villager (Male) |
| 24:46 | Create | Villager (Male) |
| 24:48 | Create | Knight |
| 24:48 | Create | Knight |
| 24:48 | Create | Knight |
| 25:54 | Create | Mangonel |
| 26:11 | Create | Villager (Male) |
| 26:11 | Create | Villager (Male) |
| 26:11 | Create | Villager (Male) |
| 26:12 | Create | Villager (Male) |
| 26:12 | Create | Villager (Male) |
| 26:15 | Build | Farm |
| 26:36 | Build | Mining Camp |
| 26:47 | Create | Villager (Male) |
| 26:51 | Create | Villager (Male) |
| 27:12 | Create | Villager (Male) |
| 27:22 | Build | Lumber Camp |
| 28:12 | Build | Mining Camp |
| 28:16 | Build | Farm |
| 28:52 | Build | Farm |
| 28:54 | Build | Farm |
| 28:55 | Create | Villager (Male) |
| 29:49 | Build | Farm |
| 29:52 | Build | Farm |
| 29:53 | Create | Villager (Male) |
| 29:53 | Create | Villager (Male) |
| 29:59 | Build | Farm |
| 30:25 | Build | Farm |
| 30:27 | Create | Villager (Male) |
Match timeline
| 3:34 | Rabe3000 · wall_segment Palisade Wall x4 |
| 6:33 | heggiesaan · wall_segment Palisade Wall x3 |
| 7:26 | heggiesaan · first_building Barracks |
| 7:37 | Rabe3000 · first_building Barracks |
| 7:50 | HorkTheLegend · first_building Barracks |
| 8:08 | SheepofLegend · first_building Barracks |
| 8:59 | Rabe3000 · age_up feudal |
| 9:09 | Rabe3000 · first_building Stable |
| 9:28 | Colaf the Mighty · first_building Barracks |
| 9:31 | heggiesaan · age_up feudal |
| 9:33 | heggiesaan · first_building Archery Range |
| 9:35 | HorkTheLegend · age_up feudal |
| 9:41 | HorkTheLegend · first_building Archery Range |
| 9:42 | KINHO · first_building Barracks |
| 9:46 | SheepofLegend · age_up feudal |
| 9:51 | SheepofLegend · first_building Stable |
| 10:14 | SheepofLegend · wall_segment Palisade Wall x1 |
| 10:22 | Jdalla The Bloodless · first_building Barracks |
| 10:37 | Jdalla The Bloodless · wall_segment Palisade Wall x1 |
| 10:43 | KINHO · age_up feudal |
| 11:07 | KINHO · first_building Stable |
| 11:19 | Jdalla The Bloodless · age_up feudal |
| 11:28 | Jdalla The Bloodless · first_building Stable |
| 12:02 | Colaf the Mighty · age_up feudal |
| 12:08 | KingTeOTep · first_building Barracks |
| 12:16 | Colaf the Mighty · first_building Stable |
| 13:18 | Rabe3000 · wall_segment Palisade Wall x1 |
| 13:33 | SheepofLegend · wall_segment Palisade Wall x6 |
| 13:50 | Colaf the Mighty · first_building Archery Range |
| 14:08 | SheepofLegend · wall_segment Palisade Wall x5 |
| 15:03 | KINHO · age_up castle |
| 15:34 | SheepofLegend · first_market_sell 100 wood |
| 15:51 | SheepofLegend · wall_segment Palisade Wall x6 |
| 15:54 | SheepofLegend · wall_segment Palisade Wall x10 |
| 16:13 | SheepofLegend · wall_segment Palisade Wall x5 |
| 16:18 | SheepofLegend · wall_segment Palisade Wall x3 |
| 16:18 | Colaf the Mighty · wall_segment Stone Wall x1 |
| 16:21 | SheepofLegend · wall_segment Palisade Wall x8 |
| 16:36 | Colaf the Mighty · wall_segment Stone Wall x14 |
| 17:54 | SheepofLegend · first_market_buy 100 food |
| 18:56 | Colaf the Mighty · wall_segment Stone Wall x2 |
| 19:13 | Colaf the Mighty · wall_segment Stone Wall x5 |
| 19:20 | KINHO · first_building Siege Workshop |
| 19:25 | HorkTheLegend · age_up castle |
| 19:29 | Colaf the Mighty · wall_segment Stone Wall x8 |
| 19:37 | SheepofLegend · wall_segment Palisade Wall x1 |
| 19:48 | KINHO · first_market_buy 100 food |
| 19:49 | Colaf the Mighty · wall_segment Stone Wall x3 |
| 19:51 | Jdalla The Bloodless · age_up castle |
| 19:56 | Rabe3000 · wall_segment Palisade Wall x6 |
| 20:03 | Rabe3000 · first_market_buy 100 food |
| 20:38 | SheepofLegend · first_building Archery Range |
| 20:44 | Rabe3000 · first_market_sell 100 wood |
| 21:12 | Colaf the Mighty · wall_segment Stone Wall x8 |
| 21:16 | heggiesaan · age_up castle |
| 22:00 | Colaf the Mighty · wall_segment Stone Wall x1 |
| 22:08 | SheepofLegend · age_up castle |
| 22:47 | Rabe3000 · wall_segment Palisade Wall x5 |
| 23:15 | KingTeOTep · first_building Castle |
| 23:26 | Rabe3000 · wall_segment Palisade Wall x2 |
| 23:29 | Rabe3000 · wall_segment Palisade Wall x2 |
| 23:39 | Rabe3000 · age_up castle |
| 24:29 | KINHO · first_building Castle |
| 25:10 | Jdalla The Bloodless · first_market_sell 100 wood |
| 25:11 | Jdalla The Bloodless · first_market_buy 100 food |
| 25:43 | HorkTheLegend · first_building Castle |
| 27:01 | heggiesaan · first_market_buy 100 wood |
| 27:42 | Colaf the Mighty · age_up castle |
| 28:13 | HorkTheLegend · first_building Siege Workshop |
| 29:22 | heggiesaan · first_building Siege Workshop |
| 29:53 | Colaf the Mighty · first_building Castle |
| 30:16 | Jdalla The Bloodless · first_building Castle |
| 31:26 | KINHO · first_market_sell 100 food |
| 31:43 | heggiesaan · first_building Castle |
| 32:52 | SheepofLegend · first_building Siege Workshop |
| 33:08 | Colaf the Mighty · wall_segment Palisade Wall x1 |
| 33:51 | heggiesaan · first_market_sell 500 wood |
| 35:02 | KINHO · age_up imperial |
| 36:01 | Rabe3000 · first_building Monastery |
| 36:09 | HorkTheLegend · first_market_sell 100 wood |
| 36:16 | SheepofLegend · first_building Castle |
| 38:03 | HorkTheLegend · first_building Stable |
| 39:33 | HorkTheLegend · age_up imperial |
| 39:54 | SheepofLegend · wall_segment Palisade Wall x7 |
| 39:59 | SheepofLegend · wall_segment Palisade Wall x3 |
| 40:01 | SheepofLegend · wall_segment Palisade Wall x5 |
| 40:02 | Jdalla The Bloodless · first_building Siege Workshop |
| 40:04 | SheepofLegend · wall_segment Palisade Wall x9 |
| 40:20 | Jdalla The Bloodless · first_building Monastery |
| 40:32 | Rabe3000 · first_building Castle |
| 40:52 | Rabe3000 · age_up imperial |
| 41:34 | SheepofLegend · age_up imperial |
| 42:19 | heggiesaan · age_up imperial |
| 47:17 | Colaf the Mighty · age_up imperial |
| 47:39 | Colaf the Mighty · first_market_sell 500 wood |
| 47:55 | Jdalla The Bloodless · age_up imperial |
| 49:42 | KingTeOTep · first_building Monastery |
| 49:45 | SheepofLegend · wall_segment Palisade Wall x9 |
| 49:46 | SheepofLegend · wall_segment Palisade Wall x10 |
| 49:51 | SheepofLegend · wall_segment Palisade Wall x10 |
| 52:49 | KingTeOTep · first_market_sell 500 stone |
| 53:29 | Colaf the Mighty · wall_segment Palisade Wall x1 |
| 53:33 | Colaf the Mighty · wall_segment Palisade Wall x1 |
| 53:35 | Colaf the Mighty · wall_segment Palisade Wall x1 |
| 53:38 | Colaf the Mighty · wall_segment Palisade Wall x1 |
| 54:14 | Jdalla The Bloodless · tribute_sent a jugador 1 |
| 54:14 | Jdalla The Bloodless · tribute_sent a jugador 2 |
| 54:14 | Jdalla The Bloodless · tribute_sent a jugador 3 |
| 54:14 | Jdalla The Bloodless · tribute_sent a jugador 4 |
| 54:14 | Jdalla The Bloodless · tribute_sent a jugador 5 |
| 54:14 | Jdalla The Bloodless · tribute_sent a jugador 7 |
| 54:14 | Jdalla The Bloodless · tribute_sent a jugador 8 |
| 55:35 | Colaf the Mighty · wall_segment Palisade Wall x2 |
| 58:48 | Rabe3000 · first_building Siege Workshop |
| 58:55 | KingTeOTep · first_building Siege Workshop |
| 58:58 | SheepofLegend · first_building Monastery |
| 59:55 | heggiesaan · first_building Stable |
| 63:48 | Colaf the Mighty · wall_segment Palisade Wall x7 |
| 63:49 | Colaf the Mighty · wall_segment Palisade Wall x1 |
| 64:30 | HorkTheLegend · first_building Monastery |
| 65:05 | heggiesaan · tribute_sent a jugador 1 |
| 65:05 | heggiesaan · tribute_sent a jugador 2 |
| 65:05 | heggiesaan · tribute_sent a jugador 4 |
| 65:05 | heggiesaan · tribute_sent a jugador 5 |
| 65:05 | heggiesaan · tribute_sent a jugador 6 |
| 65:05 | heggiesaan · tribute_sent a jugador 7 |
| 65:05 | heggiesaan · tribute_sent a jugador 8 |
| 69:33 | Jdalla The Bloodless · tribute_sent a jugador 1 |
| 69:33 | Jdalla The Bloodless · tribute_sent a jugador 2 |
| 69:33 | Jdalla The Bloodless · tribute_sent a jugador 3 |
| 69:33 | Jdalla The Bloodless · tribute_sent a jugador 4 |
| 69:33 | Jdalla The Bloodless · tribute_sent a jugador 5 |
| 69:33 | Jdalla The Bloodless · tribute_sent a jugador 7 |
| 69:33 | Jdalla The Bloodless · tribute_sent a jugador 8 |
| 69:42 | Jdalla The Bloodless · tribute_sent a jugador 1 |
| 69:42 | Jdalla The Bloodless · tribute_sent a jugador 2 |
| 69:42 | Jdalla The Bloodless · tribute_sent a jugador 3 |
| 69:42 | Jdalla The Bloodless · tribute_sent a jugador 4 |
| 69:42 | Jdalla The Bloodless · tribute_sent a jugador 5 |
| 69:42 | Jdalla The Bloodless · tribute_sent a jugador 7 |
| 69:42 | Jdalla The Bloodless · tribute_sent a jugador 8 |
| 73:38 | Jdalla The Bloodless · tribute_sent a jugador 1 |
| 73:38 | Jdalla The Bloodless · tribute_sent a jugador 2 |
| 73:38 | Jdalla The Bloodless · tribute_sent a jugador 3 |
| 73:38 | Jdalla The Bloodless · tribute_sent a jugador 4 |
| 73:38 | Jdalla The Bloodless · tribute_sent a jugador 5 |
| 73:38 | Jdalla The Bloodless · tribute_sent a jugador 7 |
| 73:38 | Jdalla The Bloodless · tribute_sent a jugador 8 |
| 73:40 | Colaf the Mighty · tribute_sent a jugador 1 |
| 73:40 | Colaf the Mighty · tribute_sent a jugador 3 |
| 73:40 | Colaf the Mighty · tribute_sent a jugador 4 |
| 73:40 | Colaf the Mighty · tribute_sent a jugador 5 |
| 73:40 | Colaf the Mighty · tribute_sent a jugador 6 |
| 73:40 | Colaf the Mighty · tribute_sent a jugador 7 |
| 73:40 | Colaf the Mighty · tribute_sent a jugador 8 |
| 73:47 | Rabe3000 · first_building Archery Range |
| 79:14 | Jdalla The Bloodless · tribute_sent a jugador 1 |
| 79:14 | Jdalla The Bloodless · tribute_sent a jugador 2 |
| 79:14 | Jdalla The Bloodless · tribute_sent a jugador 3 |
| 79:14 | Jdalla The Bloodless · tribute_sent a jugador 4 |
| 79:14 | Jdalla The Bloodless · tribute_sent a jugador 5 |
| 79:14 | Jdalla The Bloodless · tribute_sent a jugador 7 |
| 79:14 | Jdalla The Bloodless · tribute_sent a jugador 8 |
| 79:20 | heggiesaan · tribute_sent a jugador 1 |
| 79:20 | heggiesaan · tribute_sent a jugador 2 |
| 79:20 | heggiesaan · tribute_sent a jugador 4 |
| 79:20 | heggiesaan · tribute_sent a jugador 5 |
| 79:20 | heggiesaan · tribute_sent a jugador 6 |
| 79:20 | heggiesaan · tribute_sent a jugador 7 |
| 79:20 | heggiesaan · tribute_sent a jugador 8 |
| 82:36 | heggiesaan · first_building Monastery |
| 83:02 | heggiesaan · tribute_sent a jugador 1 |
| 83:02 | heggiesaan · tribute_sent a jugador 2 |
| 83:02 | heggiesaan · tribute_sent a jugador 4 |
| 83:02 | heggiesaan · tribute_sent a jugador 5 |
| 83:02 | heggiesaan · tribute_sent a jugador 6 |
| 83:02 | heggiesaan · tribute_sent a jugador 7 |
| 83:02 | heggiesaan · tribute_sent a jugador 8 |
| 83:12 | KingTeOTep · tribute_sent a jugador 1 |
| 83:12 | KingTeOTep · tribute_sent a jugador 2 |
| 83:12 | KingTeOTep · tribute_sent a jugador 3 |
| 83:12 | KingTeOTep · tribute_sent a jugador 4 |
| 83:12 | KingTeOTep · tribute_sent a jugador 6 |
| 83:12 | KingTeOTep · tribute_sent a jugador 7 |
| 83:12 | KingTeOTep · tribute_sent a jugador 8 |
| 83:14 | Rabe3000 · tribute_sent a jugador 2 |
| 83:14 | Rabe3000 · tribute_sent a jugador 3 |
| 83:14 | Rabe3000 · tribute_sent a jugador 4 |
| 83:14 | Rabe3000 · tribute_sent a jugador 5 |
| 83:14 | Rabe3000 · tribute_sent a jugador 6 |
| 83:14 | Rabe3000 · tribute_sent a jugador 7 |
| 83:14 | Rabe3000 · tribute_sent a jugador 8 |
| 84:22 | Jdalla The Bloodless · tribute_sent a jugador 1 |
| 84:22 | Jdalla The Bloodless · tribute_sent a jugador 2 |
| 84:22 | Jdalla The Bloodless · tribute_sent a jugador 3 |
| 84:22 | Jdalla The Bloodless · tribute_sent a jugador 4 |
| 84:22 | Jdalla The Bloodless · tribute_sent a jugador 5 |
| 84:22 | Jdalla The Bloodless · tribute_sent a jugador 7 |
| 84:22 | Jdalla The Bloodless · tribute_sent a jugador 8 |
| 85:32 | KingTeOTep · first_building Archery Range |
| 87:17 | Rabe3000 · resign |
[ AI ANALYSIS · 1 CREDIT ]
What really happened in this match?
Wolo.gg analyzes every decision: build order, eco, micro, common mistakes by bracket. Personalized analysis on WhatsApp or Discord in 30 seconds.
Civ guide
Magyars
Perfil
Jugador #9717468